Elenmirie, chaotic female orcish Priestess --------- |.......| |........# |.......|# |.......|# ------.--# # # ### # # # ### # # # -----.----- ### # ----- |.........| --)------ # |...| |.>%......| |.......| # |...+ ##|........l| |......<| # |...| #oq:........| |.......| ##...).######)#############d#----------- --------- ----- Elenmirie the Acolyte Experience level: 4 Strength: 14 Dexterity: 13 Constitution: 15 Intelligence: 10 Wisdom: 16 Charisma: 12 Health: 0(46) Energy: 37(37) Def: 6 Gold: 0 Moves: 1710 Dungeon seed: wwPzCTryp730QojR Game ID: Elenmirie_1655150564 Your Inventory: Amulets u - an uncursed amulet versus poison (being worn) Weapons a - a blessed +1 mace (weapon in hand) Armor e - an uncursed +0 robe (being worn) n - an uncursed +0 orcish shield (being worn) q - an uncursed +0 orcish helm (being worn) r - an uncursed +0 leather armor (being worn) Comestibles c - an uncursed clove of garlic d - an uncursed sprig of wolfsbane i - an uncursed tin of spinach j - 2 uncursed tripe rations m - an uncursed lembas wafer p - an uncursed lichen corpse Scrolls k - an uncursed scroll of light s - a blessed scroll of remove curse Spellbooks w - an uncursed spellbook of light Potions b - 4 potions of holy water t - an uncursed potion of extra healing v - a cursed potion of healing Rings o - an uncursed ring of stealth Wands l - an uncursed wand of secret door detection (0:10) Tools h - an uncursed oil lamp (0:1049) Spells and supernatural/magical abilities: Name Level Category Cost Memory n - detect monsters 1 divination 12pw 98% x - extra healing 3 healing 150pw 98% W - pray for help -- divine ? -- X - turn undead -- divine ? -- Your skills at the end: Fighting Skills wands [Basic] Weapon Skills mace [Basic] Spellcasting Skills clerical spells [Basic] Final Attributes: You were piously aligned. You were immune to poison. You had infravision. You were lucky. Loki was noncommittal. You are dead. Vanquished creatures: a kitten a rothe 4 iguanas 2 coyotes a hobbit 2 manes a large kobold a giant rat a green mold 2 geckos 6 jackals 2 goblins a grid bug a bat 3 lichens 4 newts 33 creatures vanquished. Voluntary challenges: You were an atheist. You used a wielded weapon 48 times, starting on turn 85. You were illiterate. You never genocided any monsters. You never polymorphed an object. You never changed form. You used no wishes. You never split a pudding. You never wrote Elbereth's name. You never violated your personal moral code. Dungeon overview: The Dungeons of Doom: levels 1 to 5 Level 1 a long staircase Level 2 Level 3 a delicatessen a long staircase Level 4 a vault Level 5 <- You were here History has recorded: On T:1 you entered the Dungeons of Doom to retrieve the Amulet of Yendor! On T:250 you reached level 2 of The Dungeons of Doom. On T:544 you advanced to experience level 2. On T:631 you reached level 3 of The Dungeons of Doom. On T:658 you reached level 4 of The Dungeons of Doom. On T:923 you advanced to experience level 3. On T:1347 you reached level 5 of The Dungeons of Doom. On T:1609 you advanced to experience level 4. Score breakdown: Gold: 0 ( 0 points) Experience: 4 levels ( 9649 points) Exploration: 5 levels ( 10.00%) ( 8571 points) Discoveries: 1 item ( 0.34%) ( 1761 points) Valuables value: (no points given unless you survive) Artifact value: 0 ( 0 points) Variety of kills: 16 monsters ( 4.21%) ( 6155 points) Turncount: 1710 turns ( 0 points) Survival: died (score multiplied by 80%) Total score: 20908 Latest messages: You kill the rothe! You miss the iguana. (2x) The little dog bites! The iguana bites! The little dog just misses! The little dog bites! You miss the little dog. The little dog bites! (2x) You miss the little dog. The little dog bites! The clove of garlic misses the little dog. You hit the rothe. The rothe misses. The rothe just misses! The rothe bites! You miss the rothe. The rothe misses. The rothe bites! (2x) You die... For some reason, you think that you can almost hear the Wizard laugh manically... Final status: Goodbye Elenmirie the Priestess, killed by a rothe... You died in The Dungeons of Doom on dungeon level 5 with 20908 points, and 0 pieces of gold, after 1710 moves. You were level 4 with a maximum of 46 hit points when you died.